 Dungeon Crawl Stone Soup version 0.31-a0-659-gc5a091b79a (webtiles) character file.

Game seed: 9132487544492814805

877 MacCMillion the Chopper (level 8, 0/63 HPs)
             Began as a Ghoul Fighter on Aug 31, 2023.
             Was a Follower of Okawaru.
             Slain by Maggie
             ... wielding a +2 war axe of electrocution
              (8 damage)
             ... on level 6 of the Dungeon.
             The game lasted 00:10:14 (4862 turns).

MacCMillion the Chopper (Ghoul Fighter)             Turns: 4862, Time: 00:10:14

Health: 0/63       AC:  8    Str: 22    XL:     8   Next: 4%
Magic:  9/9        EV:  9    Int:  3    God:    Okawaru [*.....]
Gold:   412        SH:  4    Dex:  8    Spells: 7/7 levels left

rFire   . . .        a - +0 war axe
rCold   + . .        c - +0 buckler
rNeg    + + +        b - +0 scale mail
rPois   ∞            (no helmet)
rElec   .            (no cloak)
rCorr   .            m - +0 pair of gloves
SInv    .            t - +0 pair of boots
Will    .....        (no amulet) Stlth
                     (no ring)
HPRegen 0.00/turn    (no ring)
MPRegen 0.11/turn

%: no passive effects
@: mighty, inhibited regen, studying Unarmed Combat
A: claws 1, cold resistance 1, negative energy resistance 3, inhibited
regeneration, torment resistance 2, devour on kill
a: Renounce Religion, Heroism


You were on level 6 of the Dungeon.
You worshipped Okawaru.
Okawaru was aware of your devotion.
You visited 2 branches of the dungeon, and saw 7 of its levels.
You also visited: Sewer.

You collected 412 gold pieces.

Inventory:

Hand Weapons
 a - a +0 war axe (weapon)
Missiles
 k - 3 boomerangs
 s - 24 poisoned darts (quivered)
Armour
 b - a +0 scale mail (worn)
 c - a +0 buckler (worn)
 m - a +0 pair of gloves (worn)
 t - a +0 pair of boots (worn)
Wands
 q - a wand of digging (8)
 u - a wand of polymorph (8)
Scrolls
 e - a scroll of poison {unknown}
 g - 3 scrolls of identify {unknown}
 i - a scroll of fog {unknown}
 j - 2 scrolls of amnesia
 o - a scroll of brand weapon {unknown}
 p - a scroll of revelation {unknown}
 r - a scroll of fear {unknown}
 v - a scroll of vulnerability {unknown}
 y - a scroll of acquirement {unknown}
 A - a scroll of blinking {unknown}
Potions
 d - a potion of might
 f - a potion of resistance {unknown}
 h - 2 potions of berserk rage {unknown}
 l - 3 potions of heal wounds
 n - 2 potions of ambrosia {unknown}
 w - 2 potions of enlightenment
 x - 3 potions of curing
 z - a potion of cancellation {unknown}
 B - a potion of magic {unknown}


   Skills:
 - Level 3.2 Fighting
 + Level 7.2 Axes
 - Level 2.6 Armour
 - Level 4.0 Shields
 - Level 3.0 Invocations


You had 7 spell levels left.
You didn't know any spells.
Your spell library contained the following spells:

 Spells                   Type           Power      Damage    Failure   Level
 Foxfire                  Conj/Fire      0%         2x1d4     89%         1
 Poisonous Vapours        Pois/Air       0%         N/A       96%         2
 Mephitic Cloud           Conj/Pois/Air  0%         N/A       99%         3
 Freezing Cloud           Conj/Ice/Air   0%         6-21      100%        5
 Plasma Beam              Fire/Air       0%         2x1d10    100%        6
 Starburst                Conj/Fire      0%         6d3       100%        6


Dungeon Overview and Level Annotations

Branches:
Dungeon (6/15)             Temple (1/1) D:5           Sewer (visited)

Altars:
Ashenzari
Cheibriados
Dithmenos
Fedhas
Gozag
Kikubaaqudgha
Makhleb
Okawaru
Qazlal
Ru
Sif Muna
Uskayaw
Vehumet
Wu Jian
Xom
Yredelemnul

Annotations:
D:6 Maggie


Innate Abilities, Weirdness & Mutations

You are immune to poison.
You have sharp fingernails.
Your flesh is cold resistant. (rC+)
You are immune to negative energy. (rN+++)
You do not regenerate when monsters are visible.
You are immune to unholy pain and torment.
You thrive by killing the living.


Message History

Maggie is nearby!
You start waiting.
Maggie is nearby!
Okay, then.
You feel very mighty all of a sudden.
Maggie mumbles some strange words.
Maggie attempts to bespell you!
You are mesmerised by Maggie!
You barely miss Maggie.
Maggie hits you with a +2 war axe of electrocution.
Maggie hits you with a +2 war axe of electrocution!
You barely miss Maggie. Maggie completely misses you.
You hit Maggie.
Maggie is lightly wounded.
Maggie gestures at you while chanting. The bolt of fire hits you!!
You closely miss Maggie.
Maggie is lightly wounded.
Maggie hits you with a +2 war axe of electrocution!
* * * LOW HITPOINT WARNING * * *
You are electrocuted!
* * * LOW HITPOINT WARNING * * *
You closely miss Maggie.
Maggie is lightly wounded.
You block Maggie's attack.
You slash Maggie!
Maggie is moderately wounded.
Maggie closely misses you.
You closely miss Maggie.
Maggie is moderately wounded.
You break out of your daze.
Maggie casts a spell.
Maggie attempts to bespell you! You resist.
You slash Maggie!
Maggie is heavily wounded.
Maggie closely misses you. Maggie barely misses you.
You hit Maggie.
Maggie is heavily wounded.
Maggie hits you with a +2 war axe of electrocution!
You die...

##....#..........## #
##...............##
###....##...........#
...................##
....................#
..#..........##...#.#
..##......##..#...#.####..#
..............#.@.........#
.#####.......##.@##........
........##........###......
.<.#..............# ......
...#............... ...#.
.......[............ ...#
.....)..............# .##
.....)..............# ..
....................#
.........##.........#


You could see Maggie.

Vanquished Creatures
  Eustachio (D:4)
  A water moccasin (D:6)
  2 ogres
  A bullfrog (D:5)
  A kobold brigand (Sewer)
  2 hounds (D:3)
  A jelly (D:4)
  An iguana (D:5)
  A sleepcap (D:5)
  3 gnolls (D:6)
  5 adders
  2 river rats (D:4)
  2 worms (D:4)
  5 dart slugs
  6 orcs
  12 ball pythons
  12 endoplasms
  2 giant cockroaches
  9 goblins
  4 hobgoblins
  2 jackals (D:2)
  4 quokkas
  2 bats (D:3)
  2 frilled lizards (D:1)
  7 kobolds
  12 rats
102 creatures vanquished.

Notes
Turn   | Place    | Note
-------+----------+-------------------------------------------
     0 | D:1      | MacCMillion the Ghoul Fighter began the quest for the Orb.
     0 | D:1      | Reached XP level 1. HP: 19/19 MP: 0/0
    10 | D:1      | Reached skill level 2 in Axes
    13 | D:1      | Reached XP level 2. HP: 12/26 MP: 1/1
   476 | D:1      | Reached XP level 3. HP: 26/31 MP: 2/2
   551 | D:2      | Found a faded altar of an unknown god.
   893 | D:2      | Reached XP level 4. HP: 38/38 MP: 3/3
  1041 | D:3      | Reached skill level 3 in Axes
  1047 | D:3      | Reached XP level 5. HP: 41/45 MP: 4/4
  1300 | D:3      | Found a snail-covered altar of Cheibriados.
  1659 | D:4      | Reached skill level 4 in Axes
  2064 | D:4      | Found a glowing drain.
  2114 | Sewer    | Entered a sewer
  2195 | Sewer    | Noticed a kobold brigand
  2201 | Sewer    | Reached XP level 6. HP: 46/51 MP: 5/5
  2216 | Sewer    | Reached skill level 5 in Axes
  2674 | D:4      | Found a stormy altar of Qazlal.
  2740 | D:4      | Found a shimmering altar of Xom.
  2812 | D:4      | Found a shadowy altar of Dithmenos.
  3067 | D:5      | Entered Level 5 of the Dungeon
  3100 | D:5      | Found a staircase to the Ecumenical Temple.
  3109 | Temple   | Entered the Ecumenical Temple
  3125 | Temple   | Became a worshipper of Warmaster Okawaru
  3168 | D:5      | Noticed Eustachio
  3428 | D:4      | Killed Eustachio
  3429 | D:4      | Reached skill level 6 in Axes
  3429 | D:4      | Reached XP level 7. HP: 25/57 MP: 6/6
  4197 | D:5      | Found a burning altar of Makhleb.
  4347 | D:5      | Reached skill level 1 in Invocations
  4625 | D:6      | Reached * piety under Okawaru
  4674 | D:6      | Reached skill level 7 in Axes
  4674 | D:6      | Reached XP level 8. HP: 26/63 MP: 7/9
  4843 | D:6      | Noticed Maggie
  4862 | D:6      | Slain by Maggie

Illustrated notes

Levels and vault maps discovered:
D:1:      dpeg_arrival_pits, layout_basic
D:2:      layout_rooms, shapermc_ecumenical_altar_gd, minmay_tetromino_i4
D:3:      layout_loops_ring, kennysheep_slug_shrine, hex_large,
          hangedman_decor_push
D:4:      layout_basic, mainiacjoe_overflow_swirl, lemuel_round_altar,
          gup_sewer_entry_bubbles, skrybe_limestone_x
D:5:      layout_rooms, mainiacjoe_overflow_chevrons,
          minmay_temple_entry_sparse_star, kennysheep_small_spiral,
          uniq_eustachio
D:6:      layout_cave_pools, uniq_maggie
Temple:   nicolae_temple_bog_church

Skill      XL: |  1  2  3  4  5  6  7 |
---------------+----------------------+-----
Axes           | 2 3 4 6 7 |  7.2
Shields        | 3 4 |  4.0
Invocations    | 3 |  3.0
Fighting       | |  3.2
Armour         | |  2.6

Action                     |  1- 3 |  4- 6 |  7- 9 || total
---------------------------+-------+-------+-------++-------
  Melee: War axe           |    95 |   215 |    75 ||   385
  Throw: Dart              |       |       |    16 ||    16
    Use: Scroll            |       |     1 |       ||     1
         Potion            |       |       |     1 ||     1
 Armour: Scale mail        |    65 |   185 |    50 ||   300
  Dodge: Dodged            |    53 |    98 |    31 ||   182
  Block: Buckler           |    19 |    48 |    11 ||    78

Table legend: (Time is in decaauts)
 A = Elapsed time spent in this place.
 B = Non-inter-level travel time spent in this place.
 C = Inter-level travel time spent in this place.
 D = Time resting spent in this place.
 E = Time spent auto-exploring this place.
 F = Levels seen in this place.
 G = Mean time per level.
                   A        B        C        D        E       F      G
               +--------+--------+--------+--------+--------+-----+--------+
         Total |   5052 |   4847 |    205 |   1101 |   2340 |   8 |  631.5 |
       Dungeon |   4681 |   4505 |    176 |   1004 |   2247 |   6 |  780.2 |
        Temple |     32 |      3 |     29 |      0 |      0 |   1 |   32.0 |
         Sewer |    339 |    339 |      0 |     96 |     93 |   1 |  339.0 |
               +--------+--------+--------+--------+--------+-----+--------+

Top non-repeatable levels by time:
     D:4: 1626 daAuts
     D:5: 1010 daAuts
     D:3: 640 daAuts
     D:1: 565 daAuts
     D:2: 493 daAuts
     D:6: 344 daAuts
   Sewer: 339 daAuts
  Temple: 32 daAuts
